 Dungeon Crawl Stone Soup version 0.28-a0-863-g8cecda6153 (webtiles) character file.

Game seed: 5095829216593918840

319 meatgazer the Skirmisher (level 6, -4/52 HPs)
             Began as a Demonspawn Abyssal Knight on Nov 16, 2021.
             Was a Follower of Lugonu.
             Slain by a flying skull (12 damage)
             ... on level 1 of the Abyss.
             The game lasted 00:00:51 (189 turns).

meatgazer the Skirmisher (Demonspawn Abyssal Knight) Turns: 189, Time: 00:00:52

Health: -4/52      AC:  3    Str: 15    XL:     6   Next: 21%
Magic:  3/8        EV: 11    Int: 11    God:    Lugonu [*.....]
Gold:   10         SH:  4    Dex: 14    Spells: 5/5 levels left

rFire   . . .      SeeInvis .   a - +1 spear
rCold   . . .      Faith    .   (no shield)
rNeg    . . .      Spirit   .   b - +0 leather armour
rPois   .          Reflect  .   (no helmet)
rElec   .          Harm     .   (no cloak)
rCorr   .          Rampage  .   (no gloves)
Will    .....                   (no boots)
Stlth   +.........              (no amulet)
HPRegen 0.17/turn               (no ring)
MPRegen 0.11/turn               (no ring)

@: no status effects
A: hooves 1, condensation shield, demonic touch 2
a: Renounce Religion, Depart the Abyss


You were on level 1 of the Abyss.
You worshipped Lugonu.
Lugonu was aware of your devotion.
You visited 0 branches of the dungeon, and saw 0 of its levels.
You visited the Abyss 1 time.

You collected 10 gold pieces.

Inventory:

Hand Weapons
 a - a +1 spear (weapon)
Armour
 b - a +0 leather armour (worn)
Potions
 c - 2 potions of haste {unknown}


   Skills:
 + Level 5.7 Fighting
 + Level 2.7 Polearms
 + Level 2.7 Armour
 + Level 1.1 Dodging
 + Level 3.5 Invocations


You had 5 spell levels left.
You didn't know any spells.
Your spell library was empty.

Dungeon Overview and Level Annotations

Branches:
Dungeon (0/15)

Altars:


Innate Abilities, Weirdness & Mutations

You have large cloven feet.
A meltable shield of frost defends you. (SH +4)
Your touch may inflict irresistible damage on your foes.


Message History

g - Guard the area. f - Follow me.
Anything else - Cancel.
Gang up on whom?
Press: ? - help, Dir - move target, f - flying skull
Aim: a flying skull Attack!
Your large abomination barely misses the flying skull.
The substance of the Abyss twists violently, and a gateway leading out appears!
Your large abomination dissolves into shadows!
The flying skull hits you.
There is a gateway leading out of the Abyss here.
You barely miss the flying skull. Your touch misses the flying skull.
Your large abomination misses the flying skull.
The flying skull hits you!
You hit the flying skull but do no damage.
Your kick misses the flying skull. The flying skull barely misses you.
Your large abomination closely misses the flying skull.
The flying skull hits you!
Your large abomination hits the flying skull but does no damage.
What are your orders? t - Shout!
Orders for allies: a - Attack new target. p - Attack previous target. r - Retreat! s - Stop attacking. g - Guard the area. f - Follow me.
Anything else - Cancel.
Gang up on whom?
Press: ? - help, Dir - move target, f/p - flying skull
Aim: a flying skull (ally target) Attack!
The flying skull hits you!
Your large abomination barely misses the flying skull.
The flying skull barely misses you.
You miss the flying skull.
You kick the flying skull, but do no damage.
The flying skull hits you!
* * * LOW HITPOINT WARNING * * *
Your large abomination hits the flying skull!
The flying skull hits you.
* * * LOW HITPOINT WARNING * * *
The flying skull hits you!
You die...

......##.## #. #
###.###### # ..
.##.∩#.#.##. ... #..
.#..∩.......
.###...... #.#....#...
..##.#....#.#X..##.#.
# #.....##......##....
#.##. .
.......z....... ..
.......@....... #..
.................. .
.. ................
#... . #.....#.....#..
#.....###...###...###.
. .. #.... # ....
...... ...... ......
.#....................
#. ... . ... ..


You could see a flying skull (ally target) and a friendly large abomination
(summoned).

Vanquished Creatures (collateral kills)
  2 flying skulls (Abyss:1)
2 creatures vanquished.

Notes
Turn   | Place    | Note
-------+----------+-------------------------------------------
     0 | Abyss:1  | meatgazer the Demonspawn Abyssal Knight began the quest for
                  | the Orb.
     0 | Abyss:1  | Reached XP level 1. HP: 18/18 MP: 2/2
   119 | Abyss:1  | Found a corrupted altar of Lugonu.
   169 | Abyss:1  | Noticed a flying skull
   170 | Abyss:1  | Noticed a flying skull
   170 | Abyss:1  | Noticed a flying skull
   174 | Abyss:1  | Killed a flying skull
   175 | Abyss:1  | Reached skill level 4 in Fighting
   175 | Abyss:1  | Reached skill level 1 in Dodging
   175 | Abyss:1  | Discovered your monstrous ancestry.
   175 | Abyss:1  | Gained mutation: Your touch may inflict minor irresistible
                  | damage on your foes. [demonic ancestry]
   175 | Abyss:1  | Reached XP level 2. HP: 26/26 MP: 2/4
   175 | Abyss:1  | Gained mutation: Your touch may inflict irresistible damage
                  | on your foes. [demonic ancestry]
   175 | Abyss:1  | Reached XP level 3. HP: 32/32 MP: 2/5
   175 | Abyss:1  | Reached XP level 4. HP: 38/38 MP: 2/6
   175 | Abyss:1  | Gained mutation: You have large cloven feet. [demonic
                  | ancestry]
   175 | Abyss:1  | Reached XP level 5. HP: 43/43 MP: 2/7
   178 | Abyss:1  | Killed a flying skull
   179 | Abyss:1  | Reached skill level 5 in Fighting
   179 | Abyss:1  | Gained mutation: A meltable shield of frost defends you.
                  | (SH +4) [demonic ancestry]
   179 | Abyss:1  | Reached XP level 6. HP: 52/52 MP: 2/8
   189 | Abyss:1  | Slain by a flying skull

Illustrated notes

Levels and vault maps discovered:
Abyss:1:  base: Temple, base:
Temple

Skill      XL: |  1  2  3  4  5 |
---------------+----------------+-----
Fighting       | 4 5 |  5.7
Polearms       | 2 |  2.7
Armour         | 2 |  2.7
Dodging        | 1 |  1.1
Invocations    | 3 |  3.5

Action                   |  1- 3 |  4- 6 || total
-------------------------+-------+-------++-------
Melee: Spear             |       |     3 ||     3
       Kick              |       |     1 ||     1
  Use: Scroll            |     1 |       ||     1
Dodge: Dodged            |       |     2 ||     2

Table legend: (Time is in decaauts)
 A = Elapsed time spent in this place.
 B = Non-inter-level travel time spent in this place.
 C = Inter-level travel time spent in this place.
 D = Time resting spent in this place.
 E = Time spent auto-exploring this place.
 F = Levels seen in this place.
 G = Mean time per level.
                   A        B        C        D        E       F      G
               +--------+--------+--------+--------+--------+-----+--------+
         Total |    188 |    188 |      0 |      0 |    164 |   1 |  188.0 |
         Abyss |    188 |    188 |      0 |      0 |    164 |   1 |  188.0 |
               +--------+--------+--------+--------+--------+-----+--------+

Top non-repeatable levels by time:
 Abyss:1: 188 daAuts
